 Dungeon Crawl Stone Soup version 0.28.0-45-g0d030f2227 (webtiles) character file.

Game seed: 1632765425199958243

90 protoss039 the Sneak (level 4, -6/21 HPs)
             Began as a Spriggan Enchanter on Apr 11, 2022.
             Killed by divine providence
             ... invoked by an orc priest
              (14 damage)
             ... on level 3 of the Dungeon.
             The game lasted 00:06:57 (3526 turns).

protoss039 the Sneak (Spriggan Enchanter)           Turns: 3526, Time: 00:06:58

Health: -6/21      AC:  2    Str:  4    XL:     4   Next: 32%
Magic:  1/9        EV: 18    Int: 16    God:
Gold:   83         SH:  0    Dex: 23    Spells: 4/9 levels left

rFire   . . .      SeeInvis +   m - +2 short sword (protect)
rCold   + . .      Faith    .   (no shield)
rNeg    . . .      Spirit   .   b - +0 robe
rPois   .          Reflect  .   (helmet restricted)
rElec   .          Harm     .   (no cloak)
rCorr   +          Rampage  .   (gloves unavailable)
Will    .....                   (boots unavailable)
Stlth   ++++......              (no amulet)
HPRegen 0.07/turn               j - ring "Pairotila" {rC+ rCorr Dex+6}
MPRegen 0.11/turn               (no ring)

@: very quick
A: very small, no large weapons, unfitting armour, see invisible, speed 3
a: no special abilities


You were on level 3 of the Dungeon.
You visited 1 branch of the dungeon, and saw 3 of its levels.

You collected 83 gold pieces.

Inventory:

Hand Weapons
 m - a +2 short sword of protection (weapon)
Armour
 b - a +0 robe (worn)
Jewellery
 j - the ring "Pairotila" (left hand) {rC+ rCorr Dex+6}
   (You found it on level 2 of the Dungeon)

   [ring of dexterity]

   Dex:       It affects your dexterity (+6).
   rC:        It protects you from cold.
   rCorr:     It protects you from acid and corrosion.
Wands
 n - a wand of flame (21)
 o - a wand of polymorph (6)
Scrolls
 e - 3 scrolls of teleportation {unknown}
 g - 2 scrolls of identify {unknown}
 k - 3 scrolls of enchant weapon {unknown}
Potions
 a - 2 potions of ambrosia {unknown}
 c - a potion of invisibility
 d - a potion of lignification {unknown}
 f - 2 potions of curing {unknown}
 h - a potion of might {unknown}
 i - a potion of heal wounds {unknown}
 l - a potion of cancellation {unknown}


   Skills:
 + Level 2.1 Short Blades
 - Level 3.0 Dodging
 - Level 6.0 Stealth
 - Level 3.0 Spellcasting
 - Level 4.0 Hexes
 * Level 1.4 Ice Magic


You had 4 spell levels left.
You knew the following spells:

 Your Spells              Type           Power      Damage    Failure   Level
a - Ensorcelled Hibernat  Hex/Ice        22%        N/A       10%         2
b - Confusing Touch       Hex            15%        N/A       11%         3

Your spell library contained the following spells:

 Spells                   Type           Power      Damage    Failure   Level
 Tukima's Dance           Hex            15%        N/A       11%         3
 Dazzling Flash           Conj/Hex       16%        N/A       24%         3
 Passwall                 Tmut/Erth      1%         N/A       28%         2
 Sublimation of Blood     Necr           2%         N/A       28%         2
 Swiftness                Air            2%         N/A       50%         3
 Petrify                  Tmut/Erth      2%         N/A       88%         4
 Irradiate                Conj/Tmut      1%         3d13      99%         5


Dungeon Overview and Level Annotations

Branches:
Dungeon (3/15)

Altars:
Trog

Annotations:
D:2 Robin
D:3 3 runed translucent doors


Innate Abilities, Weirdness & Mutations

You are very small and have problems with some larger weapons.
You are too small for most types of armour.
You have supernaturally acute eyesight. (SInv)
You cover ground extremely quickly. (Speed+++)


Message History

The orc priest invokes the aid of Beogh against you.
Beogh smites you!
You see here a quokka skeleton.
You start resting.
An orc priest is nearby!
You start resting.
An orc priest is nearby!
Casting: Ensorcelled Hibernation (safe; 10% risk of failure)
Confirm with . or Enter, or press ? or * to list all spells.
Aiming: Ensorcelled Hibernation (safe; 10% risk of failure)
Press: ? - help, Shift-Dir - straight line, f - orc priest
Aim: an orc priest, wielding a +0 club (chance to affect: 45%)
The orc priest resists with some effort.
Unknown command.
Casting: Ensorcelled Hibernation (safe; 10% risk of failure)
Confirm with . or Enter, or press ? or * to list all spells.
Aiming: Ensorcelled Hibernation (safe; 10% risk of failure)
Press: ? - help, Shift-Dir - straight line, f/p - orc priest
Aim: an orc priest, wielding a +0 club (chance to affect: 45%)
The orc priest resists with some effort.
The orc priest hits you with a +0 club.
Unknown command.
Casting: Ensorcelled Hibernation (safe; 10% risk of failure)
Confirm with . or Enter, or press ? or * to list all spells.
Aiming: Ensorcelled Hibernation (safe; 10% risk of failure)
Press: ? - help, Shift-Dir - straight line, f/p - orc priest
Aim: an orc priest, wielding a +0 club (chance to affect: 45%)
The orc priest resists with some effort.
The orc priest closely misses you.
Unknown command.
Casting: Ensorcelled Hibernation (safe; 10% risk of failure)
Confirm with . or Enter, or press ? or * to list all spells.
Aiming: Ensorcelled Hibernation (safe; 10% risk of failure)
Press: ? - help, Shift-Dir - straight line, f/p - orc priest
Aim: an orc priest, wielding a +0 club (chance to affect: 45%)
The orc priest resists with some effort.
The orc priest mumbles some strange prayers to Beogh against you.
Beogh smites you!
Ouch! That really hurt!
You die...

............####### ###########
..................####..........
.......o...................#####
^..........##o..###...##...#
..........###.#.#[#.#.###..#
......o...###...#.#...###..#
.............###...###.....#
.........o#.#)#.#.#.#.#...#
............##@#.#.##....##
#######..###.o#.#.#..###.#
#..#...#.#.#.#..[#.#
#..###..#.#.#..###.#
#.....##.#.#.##....#
#...#.#(#รท#.#.#.#..#
#.....###...###....#
#..###...#.#...###.#
#..###.#.#[#.#.###.#


You could see an orc priest.

Vanquished Creatures
  A jelly (D:2)
  A dart slug (D:2)
  7 ball pythons
  10 endoplasms
  3 giant cockroaches
  6 goblins
  3 quokkas
  4 bats
  2 frilled lizards (D:1)
  11 kobolds
  3 rats
51 creatures vanquished.

Vanquished Creatures (others)
  13 fungi (D:2)
  12 plants (D:2)
  6 toadstools (D:2)
31 creatures vanquished.

Grand Total: 82 creatures vanquished

Notes
Turn   | Place    | Note
-------+----------+-------------------------------------------
     0 | D:1      | protoss039 the Spriggan Enchanter began the quest for the
                  | Orb.
     0 | D:1      | Reached XP level 1. HP: 9/9 MP: 5/5
   226 | D:1      | Reached skill level 5 in Stealth
   317 | D:1      | Reached XP level 2. HP: 13/13 MP: 6/6
   320 | D:1      | Found a faded altar of an unknown god.
  1052 | D:2      | Found a bloodstained altar of Trog.
  1058 | D:1      | Learned a level 2 spell: Ensorcelled Hibernation
  1069 | D:2      | Identified the ring "Pairotila" {rC+ rCorr Dex+6}
  1813 | D:2      | Reached XP level 3. HP: 16/16 MP: 1/8
  1876 | D:2      | Noticed Robin
  2539 | D:2      | Reached skill level 6 in Stealth
  2543 | D:2      | Learned a level 3 spell: Confusing Touch
  2844 | D:2      | Reached skill level 1 in Ice Magic
  2844 | D:2      | Reached XP level 4. HP: 21/21 MP: 6/9
  3054 | D:3      | Found a runed translucent gate.
  3054 | D:3      | Found a runed translucent gate.
  3054 | D:3      | Found a runed translucent gate.
  3526 | D:3      | Killed from afar by an orc priest

Illustrated notes

Levels and vault maps discovered:
D:1:      minmay_arrival_plants_in_alcoves, layout_loops_ring,
          shapermc_ecumenical_altar_starsandcircs
D:2:      cheibrodos_fertilizer, layout_rooms, basic_altar,
          guppyfry_early_lair_pool, uniq_robin
D:3:      layout_basic, gammafunk_ghost_icy, minmay_starry_boxes, uniq_natasha

Skill      XL: |  1  2  3 |
---------------+----------+-----
Stealth        | 5 6 |  6.0
Dodging        | 3 |  3.0
Short Blades   | 2 |  2.1
Spellcasting   | 3 |  3.0
Hexes          | 4 |  4.0
Ice Magic      | 1 |  1.4

Action                   |  1- 3 |  4- 6 || total
-------------------------+-------+-------++-------
Melee: Dagger            |    75 |       ||    75
       Short sword       |    22 |    21 ||    43
 Cast: Ensorcelled Hiber |    36 |    15 ||    51
 Stab: Sleeping          |    23 |     7 ||    30
Armor: Robe              |    13 |     3 ||    16
Dodge: Dodged            |    76 |    30 ||   106
